 Dungeon Crawl Stone Soup version 0.29-a0-275-g389c0b56f3 (webtiles) character file.

Game seed: 17339242467381771213

9541 avis the Grappler (level 11, -7/94 HPs)
             Began as a Hill Orc Transmuter on Mar 12, 2022.
             Was a Priest of Beogh.
             Mangled by a small abomination (17 damage)
             ... in a Gauntlet.
             The game lasted 01:06:18 (12548 turns).

avis the Grappler (Hill Orc Transmuter)            Turns: 12548, Time: 01:06:18

Health: -7/94      AC:  5    Str: 16    XL:     11   Next: 48%
Magic:  12/18      EV: 16    Int: 15    God:    Beogh [***...]
Gold:   491        SH:  0    Dex: 11    Spells: 7/20 levels left

rFire   + . .      SeeInvis .     - Unarmed
rCold   . . .      Faith    .   (shield currently unavailable)
rNeg    . . .      Spirit   .   y - +0 leather armour {rF+}
rPois   .          Reflect  .   t - +0 helmet
rElec   .          Harm     .   u - scarf {+Inv}
rCorr   .          Rampage  .   (gloves currently unavailable)
Will    .....      NoTele   +   P - +0 pair of boots
Stlth   +.........              (no amulet)
HPRegen 0.25/turn               h - ring of wizardry
MPRegen 0.16/turn               k - +4 ring of evasion

@: blade hands (expiring), hasted, very quick
A: no striking features
a: End Transformation, Renounce Religion, Evoke Invisibility, Smiting


You were in a Gauntlet.
You worshipped Beogh.
Beogh was most pleased with you.
You had blades for hands.
You visited 3 branches of the dungeon, and saw 11 of its levels.
You also visited: Gauntlet.

You collected 491 gold pieces.

Inventory:

Missiles
 D - 7 javelins
 E - 6 datura-tipped darts
 H - 25 poisoned darts
 L - a throwing net
Armour
 t - a +0 helmet (worn)
 u - a scarf of invisibility (worn)
 y - a +0 leather armour of fire resistance (worn)
 N - a +0 pair of gloves (melded)
 P - a +0 pair of boots (worn)
Jewellery
 d - a ring of protection from fire
 h - a ring of wizardry (left blade hand)
 k - a +4 ring of evasion (right blade hand)
 G - a ring of magical power
 R - a ring of ice
Wands
 o - a wand of acid (7)
 r - a wand of flame (33)
Scrolls
 a - a scroll of fog {unknown}
 c - a scroll of enchant armour {unknown}
 i - 3 scrolls of magic mapping
 j - 4 scrolls of teleportation
 n - a scroll of summoning {unknown}
 v - 3 scrolls of silence {unknown}
 w - a scroll of fear {unknown}
 x - a scroll of vulnerability {unknown}
 B - a scroll of enchant weapon {unknown}
Potions
 b - 2 potions of lignification
 l - a potion of brilliance {unknown}
 s - 2 potions of berserk rage
 X - 2 potions of curing


   Skills:
 - Level 8.0 Fighting
 * Level 3.6 Dodging
 - Level 13.0 Unarmed Combat
 - Level 5.0 Spellcasting
 - Level 5.0 Transmutations
 - Level 4.0 Ice Magic
 - Level 2.0 Poison Magic
 - Level 5.0 Invocations


You had 7 spell levels left.
You knew the following spells:

 Your Spells              Type           Power      Damage    Failure   Level
a - Beastly Appendage     Tmut           36%        N/A       10%         1
p - Spider Form           Tmut/Pois      14%        N/A       26%         3
q - Ice Form              Ice/Tmut       17%        N/A       38%         4
B - Blade Hands           Tmut           9%         N/A       58%         5

Your spell library contained the following spells:

 Spells                   Type           Power      Damage    Failure   Level
 Wereblood                Tmut           18%        N/A       12%         2
 Summon Small Mammal      Summ           12%        N/A       32%         1
 Scorch                   Fire           6%         2d5       38%         2
 Tukima's Dance           Hex            3%         N/A       56%         3
 Summon Ice Beast         Ice/Summ       9%         N/A       65%         4
 Airstrike                Air            1%         N/A       86%         4
 Flame Wave               Conj/Fire      3%         2d4       86%         4
 Passage of Golubria      Tloc           3%         N/A       86%         4
 Summon Lightning Spire   Summ/Air       3%         N/A       86%         4
 Irradiate                Conj/Tmut      5%         3d15      86%         5
 Yara's Violent Unravell  Hex/Tmut       5%         3d4       86%         5
 Lightning Bolt           Conj/Air       1%         1d12      98%         5
 Summon Mana Viper        Hex/Summ       3%         N/A       98%         5
 Summon Cactus Giant      Summ           1%         N/A       100%        6
 Dragon Form              Tmut           9%         N/A       100%        7
 Monstrous Menagerie      Summ           1%         N/A       100%        7
 Maxwell's Capacitive Co  Air            1%         ∞         100%        8


Dungeon Overview and Level Annotations

Branches:
Dungeon (9/15)             Temple (1/1) D:7            Lair (1/6) D:9
Gauntlet (1/1)
    Orc: D:9-12

Altars:
Ashenzari
Cheibriados
Dithmenos
Elyvilon
Fedhas
Gozag
Hepliaklqana
Kikubaaqudgha
Makhleb
Nemelex Xobeh
Okawaru
Qazlal
Ru
Sif Muna
Trog
Uskayaw
Vehumet
Wu Jian
Xom
Yredelemnul
Zin
The Shining One

Shops:
D:6 (   D:9 (

Annotations:
Gauntlet 11 transporters


Message History

You stumble backwards!
The small abomination hits you!!
* * * LOW HITPOINT WARNING * * *
Training target 8.0 for Fighting reached!
Your Fighting skill increases to level 8!
You need to enable at least one skill for training.
The thrashing horror attacks as you move away!
The thrashing horror tramples you!
* * * LOW HITPOINT WARNING * * *
The thrashing horror barely misses you. The thrashing horror tramples you!
* * * LOW HITPOINT WARNING * * *
You stumble backwards!
You feel much better.
The golden eye turns its gaze towards you.
The thrashing horror misses you.
The thrashing horror completely misses you.
You barely miss the thrashing horror. You slash the thrashing horror!
The thrashing horror is lightly damaged.
The thrashing horror closely misses you.
The thrashing horror tramples you!
* * * LOW HITPOINT WARNING * * *
You stumble backwards!
You feel yourself speed up.
Your transformation is almost over.
The thrashing horror tramples you!
* * * LOW HITPOINT WARNING * * *
You hold your ground!
The thrashing horror tramples you.
* * * LOW HITPOINT WARNING * * *
You stumble backwards!
You feel better.
The thrashing horror roars!
You slash the thrashing horror!
The thrashing horror is heavily damaged.
The thrashing horror completely misses you.
The thrashing horror tramples you but does no damage.
You barely miss the thrashing horror.
The thrashing horror is heavily damaged.
The thrashing horror barely misses you.
The thrashing horror completely misses you.
The small abomination hits you!
You die...

.......#.8.#.........#..#
##.##..#...#.#.#.#.#.#..###
#...##.#####).#.#.#..#..#8#
.....#E#...#?#.#.#.#.#..###
..©...h#©.©#©.#.©.#..#©.#
.....#E#...#[#.#.#.#.#..###
#...##R#####.x#.#.#..#..#8#
##.##..#...#.#.#x#.#.#..###
...☼☼..#...#..xX@....#..#
########...###########..###
.........≈§............≈#8#
........§8≈........∩...∩###
........§≈.............≈#
########§..###########..###
......5#...##...GG..##..#8#
##.##.5#...#.#.....#.#..###
..#..#5#...#!.#...#..#..#


You could see a shining eye, a thrashing horror, 3 small abominations and a
golden eye.

Vanquished Creatures
  A two-headed ogre (D:9)
  A thrashing horror (Gauntlet)
  Urug (Lair:1)
  Pikel (D:8)
  A deep elf pyromancer (D:9)
  A polar bear (Lair:1)
  A hornet (D:7)
  4 blink frogs (Lair:1)
  13 yaks
  A wyvern (D:7)
  Eustachio (D:6)
  Menkaure (D:7)
  2 water moccasins
  An orc warrior (D:9)
  A black bear (D:6)
  3 sky beasts
  3 ice beasts
  An ogre (D:5)
  A centaur (D:7)
  5 phantoms
  4 bullfrogs
  A kobold brigand (D:6)
  3 necrophages
  A scorpion (D:6)
  10 wights
  3 killer bees (D:7)
  4 howler monkeys
  A hound (D:4)
  3 orc priests
  4 iguanas
  8 orc wizards
  12 adders
  4 gnolls
  A shadow imp (D:7)
  4 white imps
  A worm (D:3)
  A dart slug (D:1)
  19 orcs
  6 endoplasms
  4 giant cockroaches
  13 hobgoblins
  2 jackals (D:1)
  7 kobolds
  A quokka (D:2)
  4 ball pythons
  6 bats
  8 frilled lizards
  6 goblins
  5 rats
190 creatures vanquished.

Vanquished Creatures (collateral kills)
  A wyvern (D:9)
  An orc priest (D:9)
2 creatures vanquished.

Vanquished Creatures (others)
  Sigmund (D:3)
  An orc priest (D:3)
  An orc wizard (D:9)
  5 orcs
  A quokka (D:7)
  4 plants (D:5)
13 creatures vanquished.

Grand Total: 205 creatures vanquished

Notes
Turn   | Place    | Note
-------+----------+-------------------------------------------
     0 | D:1      | avis the Hill Orc Transmuter began the quest for the Orb.
     0 | D:1      | Reached XP level 1. HP: 16/16 MP: 3/3
   294 | D:1      | Reached XP level 2. HP: 23/25 MP: 2/4
   318 | D:1      | Found a faded altar of an unknown god.
  1327 | D:2      | Reached XP level 3. HP: 28/31 MP: 3/5
  1619 | D:2      | Reached skill level 4 in Unarmed Combat
  2021 | D:2      | Reached XP level 4. HP: 36/38 MP: 4/6
  2025 | D:2      | Learned a level 3 spell: Spider Form
  2452 | D:3      | Became a worshipper of Beogh the Brigand
  2580 | D:3      | Noticed Sigmund
  2649 | D:3      | Killed Sigmund
  2874 | D:3      | Reached skill level 1 in Poison Magic
  2933 | D:3      | Reached skill level 1 in Invocations
  2952 | D:3      | Reached XP level 5. HP: 16/45 MP: 2/7
  4118 | D:4      | Found a glowing golden altar of the Shining One.
  4123 | D:4      | Reached XP level 6. HP: 49/51 MP: 6/9
  4405 | D:4      | Reached * piety under Beogh
  4575 | D:4      | Noticed a sky beast
  4584 | D:4      | Killed a sky beast
  4585 | D:4      | Reached skill level 5 in Unarmed Combat
  4612 | D:4      | Reached skill level 5 in Invocations
  4952 | D:4      | Reached XP level 7. HP: 52/58 MP: 4/10
  5644 | D:5      | Entered Level 5 of the Dungeon
  5811 | D:5      | Reached skill level 6 in Unarmed Combat
  5927 | D:4      | Reached skill level 7 in Unarmed Combat
  6162 | D:5      | Reached XP level 8. HP: 67/67 MP: 6/11
  6256 | D:5      | Reached skill level 5 in Fighting
  6470 | D:5      | Found a sparkling altar of Nemelex Xobeh.
  6617 | D:5      | Found a shadowy altar of Dithmenos.
  7556 | D:6      | Learned a level 4 spell: Ice Form
  7670 | D:6      | HP: 3/68 [white imp/puff of frost (7)]
  7763 | D:6      | Got Sif Muna's Handbook of Flying Companions
  7766 | D:6      | Found Adghim Nuqoe's Weapon Boutique.
  7779 | D:6      | You fall into a shaft and drop 3 floors!
  7793 | D:9      | Reached XP level 9. HP: 43/74 MP: 10/13
  7987 | D:9      | Found Bahutoun's Weapon Shoppe.
  8002 | D:9      | Reached skill level 8 in Unarmed Combat
  8010 | D:9      | Reached ** piety under Beogh
  8110 | D:8      | Found a sacrificial altar of Ru.
  8317 | D:7      | Reached skill level 9 in Unarmed Combat
  8357 | D:6      | Found a hazy altar of Hepliaklqana.
  8380 | D:6      | Noticed Eustachio
  8387 | D:6      | Killed Eustachio
  8388 | D:6      | Reached skill level 1 in Ice Magic
  8902 | D:6      | Learned a level 5 spell: Blade Hands
  8931 | D:7      | Found a bloodstained altar of Trog.
  8947 | D:7      | Noticed Menkaure
  9010 | D:7      | Killed Menkaure
  9126 | D:7      | Found a staircase to the Ecumenical Temple.
  9135 | Temple   | Entered the Ecumenical Temple
  9217 | D:7      | Found a white marble altar of Elyvilon.
  9336 | D:7      | Reached skill level 10 in Unarmed Combat
  9475 | D:7      | Reached XP level 10. HP: 80/83 MP: 10/14
 10124 | D:8      | Reached skill level 11 in Unarmed Combat
 10685 | D:8      | Noticed Pikel
 10704 | D:8      | Killed Pikel
 10704 | D:8      | Reached *** piety under Beogh
 10894 | D:8      | Reached skill level 5 in Transmutations
 11103 | D:8      | Found a basalt altar of Yredelemnul.
 11391 | D:9      | Reached skill level 5 in Spellcasting
 11452 | D:9      | Noticed a two-headed ogre
 11464 | D:9      | Killed a two-headed ogre
 11465 | D:9      | Reached XP level 11. HP: 76/92 MP: 13/18
 11617 | D:9      | Reached skill level 12 in Unarmed Combat
 11634 | D:9      | Found a staircase to the Lair.
 11676 | D:9      | Noticed a deep elf pyromancer
 11688 | D:9      | Killed a deep elf pyromancer
 12166 | Lair:1   | Entered Level 1 of the Lair of Beasts
 12233 | Lair:1   | Noticed Urug
 12249 | Lair:1   | Killed Urug
 12250 | Lair:1   | Reached skill level 13 in Unarmed Combat
 12268 | Lair:1   | Found a gate leading to a gauntlet.
 12290 | Gauntlet | Entered a Gauntlet
 12290 | Gauntlet | Noticed a thrashing horror
 12290 | Gauntlet | Noticed a thrashing horror
 12290 | Gauntlet | Noticed a shining eye
 12290 | Gauntlet | Found a transporter.
 12290 | Gauntlet | Found a transporter.
 12309 | Gauntlet | Found a transporter.
 12313 | Gauntlet | Found a transporter.
 12323 | Gauntlet | Found a transporter.
 12346 | Gauntlet | Found a transporter.
 12351 | Gauntlet | Found a transporter.
 12368 | Gauntlet | Found a transporter.
 12391 | Gauntlet | Found a transporter.
 12399 | Gauntlet | Noticed a worldbinder
 12403 | Gauntlet | Found a transporter.
 12418 | Gauntlet | Found a transporter.
 12420 | Gauntlet | Noticed a death scarab
 12434 | Gauntlet | Found a transporter.
 12541 | Gauntlet | Killed a thrashing horror
 12542 | Gauntlet | HP: 2/94 [thrashing horror (13)]
 12548 | Gauntlet | Mangled by a small abomination

Illustrated notes

Levels and vault maps discovered:
D:1:      dpeg_arrival_tiny_h, layout_basic, basic_ecumenical_altar
D:2:      layout_loops_corners
D:3:      layout_loops_cross, uniq_sigmund
D:4:      layout_gridville, tso_metal_star
D:5:      corexii_shack_village, layout_loops_ring,
          nemelex_xobeh_ov_fountains_minmay, nicolae_dithmenos_shadow_blocks
D:6:      layout_basic, kennysheep_little_box, serial_shops, shop,
          grunt_decor_one_mirror, minmay_bent, uniq_eustachio
D:7:      layout_basic, elyvilon_altar_4, trog_three_pillars_becter,
          minmay_temple_entry_large_hall, hangedman_decor_peaks_small,
          uniq_menkaure
D:8:      layout_loops_corners, mainiacjoe_overflow_catwalk,
          mainiacjoe_overflow_tiny_flanked, amcnicky_mini_rare_corridor_liquid,
          uniq_pikel
D:9:      layout_loops_ring, lair_entry_dummy, nicolae_stop_n_shop_2
Temple:   eino_temple_lava
Lair:1:   layout_cave_pods, gauntlet_entry_generic,
          chequers_serial_rivers_micro_a, uniq_amaemon, uniq_urug
Gauntlet: gammafunk_gauntlet_shortcut [gammafunk_gauntlet_arena_grid,
          gammafunk_gauntlet_arena_split_diamond, nicolae_gauntlet_arena_x,
          gammafunk_gauntlet_arena_open, nicolae_gauntlet_swirl,
          nicolae_gauntlet_arena_quarters,
          nicolae_gauntlet_exit_dead_adventurers]

Skill      XL: |  1  2  3  4  5  6  7  8  9 10 11 |
---------------+----------------------------------+-----
Fighting       | 2 3 4 5 6 7 8 |  8.0
Unarmed Combat | 4 5 7 10 11 13 | 13.0
Transmutations | 2 4 5 |  5.0
Poison Magic   | 2 |  2.0
Invocations    | 2 3 5 |  5.0
Spellcasting   | 2 3 5 |  5.0
Dodging        | 3 |  3.6
Ice Magic      | 4 |  4.0

Action                   |  1- 3 |  4- 6 |  7- 9 | 10-12 || total
-------------------------+-------+-------+-------+-------++-------
Melee: Unarmed           |    86 |   127 |   255 |   125 ||   593
       Kick              |    18 |    15 |     7 |       ||    40
       Headbutt          |     9 |     3 |     3 |       ||    15
       Punch             |       |       |       |     1 ||     1
 Cast: Beastly Appendage |    28 |    19 |     8 |       ||    55
       Spider Form       |       |    17 |    31 |     5 ||    53
       Ice Form          |       |       |    12 |    15 ||    27
       Blade Hands       |       |       |       |     1 ||     1
Invok: Convert to Beogh  |       |     1 |       |       ||     1
       Smiting           |       |       |       |     1 ||     1
 Abil: End Transformatio |       |       |       |     1 ||     1
  Use: Scroll            |     2 |       |     8 |     2 ||    12
       Potion            |       |     1 |     2 |     4 ||     7
 Stab: Sleeping          |       |       |     2 |       ||     2
Armor: Robe              |     6 |     9 |     4 |       ||    19
       Skin              |       |     3 |    18 |    15 ||    36
       Leather armour    |       |       |       |     6 ||     6
Dodge: Dodged            |    59 |    87 |   181 |    69 ||   396

Table legend: (Time is in decaauts)
 A = Elapsed time spent in this place.
 B = Non-inter-level travel time spent in this place.
 C = Inter-level travel time spent in this place.
 D = Time resting spent in this place.
 E = Time spent auto-exploring this place.
 F = Levels seen in this place.
 G = Mean time per level.
                   A        B        C        D        E       F      G
               +--------+--------+--------+--------+--------+-----+--------+
         Total |  12496 |  11513 |    983 |   3065 |   5320 |  12 | 1041.3 |
       Dungeon |  12064 |  11082 |    982 |   3065 |   5320 |   9 | 1340.4 |
        Temple |     64 |     63 |      1 |      0 |      0 |   1 |   64.0 |
          Lair |    112 |    112 |      0 |      0 |      0 |   1 |  112.0 |
      Gauntlet |    255 |    255 |      0 |      0 |      0 |   1 |  255.0 |
               +--------+--------+--------+--------+--------+-----+--------+

Top non-repeatable levels by time:
     D:4: 1718 daAuts
     D:3: 1662 daAuts
     D:5: 1452 daAuts
     D:2: 1437 daAuts
     D:8: 1337 daAuts
     D:9: 1315 daAuts
     D:1: 1186 daAuts
     D:7: 1012 daAuts
     D:6: 943 daAuts
Gauntlet: 255 daAuts
  Lair:1: 112 daAuts
  Temple: 64 daAuts
